 Dungeon Crawl Stone Soup version 0.26.1-11-gd32895ea62 (webtiles) character file.

Game seed: 15477722146140088717

48 DildoBatman the Conjurer (level 4, -3/30 HPs)
             Began as a Formicid Conjurer on May 3, 2021.
             Slain by a goblin
             ... wielding a +0 dagger
             ... led by Robin
              (5 damage)
             ... on level 2 of the Dungeon.
             The game lasted 00:03:17 (1245 turns).

DildoBatman the Conjurer (Formicid Conjurer)        Turns: 1245, Time: 00:03:17

Health: -3/30      AC:  2    Str: 12    XL:     4   Next: 0%
Magic:  4/7        EV: 12    Int: 18    God:
Gold:   65         SH:  0    Dex:  9    Spells: 4/7 levels left

rFire    . . .     SeeInvis +   h - +0 short sword
rCold    . . .     Faith    .   (no shield)
rNeg     . . .     Spirit   .   a - +0 robe
rPois    .         Reflect  .   (helmet unavailable)
rElec    .         Harm     .   (no cloak)
rCorr    .         Rampage  .   (no gloves)
Will     .....                  (no boots)
Stlth    ++........             (no amulet)
HPRegen  0.10/turn              (no ring)
MPRegen  0.10/turn              (no ring)

@: no status effects
A: permanent stasis, dig shafts and tunnels, four strong arms, antennae 3
a: Dig, Shaft Self


You were on level 2 of the Dungeon.
You visited 1 branch of the dungeon, and saw 2 of its levels.

You collected 65 gold pieces.

Inventory:

Hand Weapons
 e - a +0 club
 h - a +0 short sword (weapon)
 n - a +0 hunting sling
Missiles
 l - 10 poisoned darts
 m - 22 sling bullets
 r - 56 arrows
Armour
 a - a +0 robe (worn)
Scrolls
 c - 2 scrolls of identify {unknown}
 g - 2 scrolls of enchant weapon {unknown}
 j - a scroll of noise {unknown}
 q - a scroll of remove curse {unknown}
Potions
 b - a potion of resistance {unknown}
 d - 2 potions of flight {unknown}
 f - a potion of mutation {unknown}
 i - a potion of might {unknown}
 k - a potion of curing {unknown}
 o - a potion of lignification {unknown}
 p - a potion of cancellation {unknown}


   Skills:
 - Level 1.7 Dodging
 - Level 2.4 Stealth
 - Level 2.1 Spellcasting
 * Level 4.8 Conjurations


You had 4 spell levels left.
You knew the following spells:

 Your Spells              Type           Power        Failure   Level
a - Searing Ray           Conj           38%          3%          2
c - Magic Dart            Conj           76%          2%          1

Your spell library contained the following spells:

 Spells                   Type           Power        Failure   Level
 Dazzling Flash           Conj/Hex       20%          21%         3
 Fulminant Prism          Conj/Hex       5%           54%         4
 Iskenderun's Mystic Bla  Conj/Tloc      10%          54%         4


Dungeon Overview and Level Annotations

Branches:
Dungeon (2/15)

Altars:

Annotations:
D:2 Robin


Innate Abilities, Weirdness & Mutations

You cannot be hasted, slowed, berserked, paralysed or teleported.
You can dig through walls and to a lower floor.
Your four strong arms can wield two-handed weapons with a shield.
You have a pair of large antennae on your head. (SInv)


Message History

You closely miss Robin.
Robin is lightly wounded.
Robin hits you with a +0 club. The goblin barely misses you.
The goblin hits you with a +0 dagger.
You hit Robin.
Robin is heavily wounded.
Robin throws the goblin at you! The goblin hits you.
The goblin hits you but does no damage.
You closely miss Robin.
Robin is heavily wounded.
The goblin no longer looks unusually strong.
Robin hits you with a +0 club. The goblin closely misses you.
The goblin hits you with a +0 dagger.
You hit Robin.
Robin is severely wounded.
The goblin hits you with a +0 dagger.
You die...

#.# #.....# #.)
#.# #.....# #)#
#.# #.....# #.#
..# ####### #?#
### #g# ##########
#g# ##.......# #g#
##.#####.#######.#
......##.......g@#
##.##.##..##...gg#
#.##........##.##
#........#####.#
########.#####.#
#.......#
#########


You could see Robin, 2 hobgoblins and 3 goblins.

Vanquished Creatures
  3 dart slugs
  A ball python (D:1)
  2 giant cockroaches
  4 goblins
  9 hobgoblins (D:1)
  4 jackals (D:1)
  A kobold (D:1)
  4 bats
  5 frilled lizards
  6 rats
39 creatures vanquished.

Notes
Turn   | Place    | Note
-------+----------+-------------------------------------------
     0 | D:1      | DildoBatman the Formicid Conjurer began the quest for the
                  | Orb.
     0 | D:1      | Reached XP level 1. HP: 13/13 MP: 3/3
   147 | D:1      | Reached XP level 2. HP: 19/19 MP: 1/5
   160 | D:1      | Learned a level 2 spell: Searing Ray
   168 | D:1      | Reached skill level 4 in Conjurations
   484 | D:1      | Reached XP level 3. HP: 23/24 MP: 3/6
  1228 | D:2      | Reached XP level 4. HP: 30/30 MP: 2/7
  1231 | D:2      | Noticed Robin
  1245 | D:2      | Slain by a goblin

Illustrated notes

Levels and vault maps discovered:
D:1:      psy_arrival_statuary, layout_loops_ring
D:2:      layout_loops_cross, overflow_temple_1_default, uniq_robin,
          uniq_crazy_yiuf_cottage

Skill      XL: |  1  2 |
---------------+-------+-----
Conjurations   | 4 |  4.8
Dodging        | |  1.7
Stealth        | |  2.4
Spellcasting   | |  2.1

Action                   |  1- 3 |  4- 6 || total
-------------------------+-------+-------++-------
Melee: Unarmed           |     5 |       ||     5
       Short sword       |    26 |    10 ||    36
       Club              |     4 |       ||     4
 Cast: Magic Dart        |    50 |       ||    50
       Searing Ray       |     5 |       ||     5
 Stab: Sleeping          |     1 |       ||     1
Armor: Robe              |    10 |     1 ||    11
Dodge: Dodged            |    25 |     8 ||    33
